 Dungeon Crawl Stone Soup version 0.31-a0-263-ge8cad7f256 (webtiles) character file.

Game seed: 5046943573588200224

273 qw the Shooter (level 6, -13/37 HPs)
             Began as a Gargoyle Hexslinger on July 13, 2023.
             Mangled by an ogre
             ... wielding a +0 giant spiked club
              (17 damage)
             ... on level 5 of the Dungeon.
             The game lasted 00:01:35 (3521 turns).

qw the Shooter (Gargoyle Hexslinger)                Turns: 3521, Time: 00:01:36

Health: -13/37     AC: 11    Str: 11    XL:     6   Next: 24%
Magic:  7/7        EV: 15    Int: 14    God:
Gold:   87         SH:  0    Dex: 14    Spells: 6/7 levels left

rFire   . . .        Y - +1 sling
rCold   + . .        (no shield)
rNeg    + . .        d - +0 ring mail
rPois   inf          g - +1 helmet
rElec   +            (no cloak)
rCorr   .            (no gloves)
SInv    .            (no boots)
Will    .....        (no amulet)
Stlth   +            e - +5 ring of evasion
HPRegen 0.26/turn    k - ring of protection from cold
MPRegen 0.10/turn

%: no passive effects
@: about to teleport
A: sickness immunity, AC +4, negative energy resistance 1, electricity
resistance, torment resistance 1, petrification resistance
a: no special abilities


You were on level 5 of the Dungeon.
You visited 1 branch of the dungeon, and saw 5 of its levels.

You collected 165 gold pieces.
You spent 78 gold pieces at shops.


Innate Abilities, Weirdness & Mutations

You are immune to sickness and miasma.
Your stone body is resilient. (AC +4)
You are immune to poison.
You resist negative energy. (rN+)
You are resistant to electric shocks. (rElec)
You are resistant to unholy torment.
You are immune to petrification.


   Skills:
 - Level 3.3 Fighting
 + Level 5.4 Ranged Weapons
 - Level 1.0 Armour
 - Level 1.5 Dodging
 - Level 1.0 Spellcasting
 - Level 2.6 Hexes


You had 6 spell levels left.
You knew the following spells:

 Your Spells              Type           Power      Damage    Failure   Level
a - Slow                  Hex            32%        N/A       21%         1

Your spell library contained the following spells:

 Spells                   Type           Power      Damage    Failure   Level
 Inner Flame              Hex/Fire       4%         N/A       71%         3
 Portal Projectile        Hex/Tloc       8%         N/A       71%         3
 Cause Fear               Hex            4%         N/A       90%         4

Inventory:

Hand Weapons
 Y - a +1 sling (weapon)
Armour
 d - a +0 ring mail (worn)
 g - a +1 helmet (worn)
Jewellery
 e - a +5 ring of evasion (left hand)
 k - a ring of protection from cold (right hand)
Scrolls
 a - a scroll of identify
 i - 2 scrolls of teleportation
Potions
 f - a potion of curing
 h - a potion of enlightenment {unknown}
 j - a potion of degeneration {unknown}
 m - a potion of might {unknown}

Dungeon Overview and Level Annotations

Branches:
Dungeon (5/15)
 Temple: D:4-7

Altars:
Cheibriados
Makhleb
Xom

Shops:
D:3 ?


Message History

The orc is severely wounded.
The orc misses you. The orc hits you but does no damage.
You shoot a sling bullet. The sling bullet barely misses the orc.
The orc hits you with a +0 short sword. The orc barely misses you.
You shoot a sling bullet. The sling bullet hits the orc.
You kill the orc!
The orc misses you.
You shoot a sling bullet. The sling bullet hits the orc.
The orc is severely wounded.
The orc barely misses you. The orc hits you with a +0 club.
You shoot a sling bullet. The sling bullet hits the orc.
You kill the orc!
You start resting.
An ogre comes into view. It is wielding a +0 giant spiked club.
You shoot a sling bullet. The ogre shouts!
The sling bullet hits the ogre.
The ogre is lightly wounded.
You shoot a sling bullet. The sling bullet hits the ogre.
The ogre is heavily wounded.
You shoot a sling bullet. The sling bullet hits the ogre.
The ogre is heavily wounded.
You shoot a sling bullet.
The sling bullet barely misses the ogre.
You shoot a sling bullet. The sling bullet hits the ogre.
The ogre is heavily wounded.
You hear a shout!
You shoot a sling bullet. The sling bullet hits the ogre.
The ogre is severely wounded.
The ogre hits you with a +0 giant spiked club!!
Ouch! That really hurt!
An orc comes into view. It is wielding a +0 flail.
3520 ||| READING 3 scrolls of teleportation.
As you read the scroll of teleportation, it crumbles to dust.
You feel strangely unstable. The ogre misses you.
You shoot a sling bullet. The sling bullet hits the ogre.
The ogre is severely wounded.
The ogre hits you with a +0 giant spiked club!
You die...

..................#
..................#
#................#
##.......#........#
#........#........#
........##........#
..###...##....##..#
##..)O.#.###....
#...)@o...# ..
......))#####
.......## .......
P...P.. ~~.....
~~~.... ~~~..P.


You could see an ogre and an orc.

Vanquished Creatures
  A jelly (D:5)
  Jessica (D:2)
  2 orc wizards
  Robin (D:3)
  4 adders
  2 worms
  4 dart slugs
  18 orcs
  4 endoplasms
  2 giant cockroaches (D:3)
  9 hobgoblins
  3 jackals (D:3)
  9 kobolds
  4 quokkas
  A ball python (D:3)
  2 bats (D:1)
  5 frilled lizards
  14 goblins
  6 rats
92 creatures vanquished.

Vanquished Creatures (others)
  A goblin (D:3)
1 creature vanquished.

Grand Total: 93 creatures vanquished

Notes
Turn   | Place    | Note
-------+----------+-------------------------------------------
     0 | D:1      | qw the Gargoyle Hexslinger began the quest for the Orb.
     0 | D:1      | Reached XP level 1. HP: 12/12 MP: 2/2
     0 | D:1      | 0 ||| qw: Version: 0.3-a-52-g30416fa
     0 | D:1      | 0 ||| qw: Game counter: 7192
     0 | D:1      | 0 ||| qw: Melee chars always use a shield: true
     0 | D:1      | 0 ||| qw: God list: Okawaru
     0 | D:1      | 0 ||| qw: Allow faded altars: false
     0 | D:1      | 0 ||| qw: Do Orc after clearing Dungeon:15 true
     0 | D:1      | 0 ||| qw: Do second Lair branch before Depths: true
     0 | D:1      | 0 ||| qw: Lair rune preference: random
     0 | D:1      | 0 ||| qw: Goals: Normal
     0 | D:1      | 0 ||| PLANNING D:1-11
   194 | D:1      | Reached XP level 2. HP: 16/16 MP: 3/3
   366 | D:1      | Reached skill level 3 in Ranged Weapons
   937 | D:1      | 937 ||| UPGRADING to +0 helmet.
   942 | D:1      | 942 ||| UPGRADING to +0 leather armour.
   952 | D:1      | 952 ||| DROPPING +0 robe.
   953 | D:1      | 953 ||| READING scroll labelled SAIWOI HAMU.
   954 | D:1      | 954 ||| READING scroll labelled XAEGOUFAUVU.
   955 | D:1      | 955 ||| READING scroll labelled ZISYACZ JUISM.
   956 | D:1      | 956 ||| DRINKING 2 fuming green potions.
   957 | D:1      | 957 ||| DROPPING scroll of poison.
   998 | D:2      | Reached XP level 3. HP: 21/21 MP: 4/4
  1008 | D:2      | HP: 4/21 [worm (8)]
  1190 | D:2      | Found a faded altar of an unknown god.
  1256 | D:2      | 1256 ||| Stepping ~*~*~tactically~*~*~ (outnumbered).
  1260 | D:2      | 1260 ||| Stepping ~*~*~tactically~*~*~ (outnumbered).
  1304 | D:2      | Noticed Jessica
  1313 | D:2      | Killed Jessica
  1314 | D:2      | Reached skill level 4 in Ranged Weapons
  1314 | D:2      | Reached XP level 4. HP: 23/26 MP: 5/5
  1616 | D:2      | 1616 ||| UPGRADING to +0 ring mail.
  1626 | D:2      | 1626 ||| DROPPING +0 leather armour.
  1627 | D:2      | 1627 ||| UPGRADING to +5 ring of evasion.
  1628 | D:2      | 1628 ||| READING scroll labelled VAV DIPYNYRPHOGA.
  1631 | D:2      | 1631 ||| READING scroll labelled NOJOSHR UKLOTERE.
  1669 | D:3      | You fall into a shaft and drop 1 floor!
  1770 | D:3      | Found a snail-covered altar of Cheibriados.
  1770 | D:3      | Found a burning altar of Makhleb.
  1797 | D:3      | Reached skill level 1 in Armour
  1798 | D:3      | Noticed Robin
  1812 | D:3      | HP: 6/26 [goblin/+0 club[Robin] (1)]
  1819 | D:3      | HP: 4/26 [goblin/+0 dagger[Robin] (1)]
  1820 | D:3      | Killed Robin
  1911 | D:3      | Found a shimmering altar of Xom.
  2038 | D:3      | Found Nuwoz's Magic Scroll Shoppe.
  2046 | D:3      | 2046 ||| BUYING 2 scrolls of teleportation (78 gold).
  2046 | D:3      | Bought 2 scrolls of teleportation for 78 gold pieces
  2046 | D:3      | 2046 ||| SHOPLISTING scroll of brand weapon (123 gold, have
                  | 20).
  2046 | D:3      | 2046 ||| SHOPLISTING scroll of identify (26 gold, have 20).
  2046 | D:3      | 2046 ||| SHOPLISTING scroll of teleportation (39 gold, have
                  | 20).
  2070 | D:3      | Reached XP level 5. HP: 30/30 MP: 6/6
  2485 | D:3      | 2485 ||| UPGRADING to ring of protection from cold.
  2486 | D:3      | 2486 ||| READING scroll labelled ZOIQOI QASTUO.
  2487 | D:3      | 2487 ||| READING scroll labelled OHOUXT JODWUT.
  2488 | D:3      | 2488 ||| READING 2 scrolls of identify.
  2488 | D:3      | 2488 ||| IDENTIFYING glowing brown potion
  2489 | D:3      | 2489 ||| DROPPING potion of berserk rage.
  2557 | D:4      | Reached skill level 5 in Ranged Weapons
  2651 | D:4      | 2651 ||| READING scroll of enchant armour.
  2651 | D:4      | 2651 ||| ENCHANTING +0 helmet.
  3116 | D:4      | 3116 ||| READING scroll labelled IHEDOE OSTRUGIETO.
  3140 | D:4      | 3140 ||| READING scroll labelled WAXTOJ XOGG.
  3141 | D:4      | 3141 ||| READING 2 scrolls of identify.
  3141 | D:4      | 3141 ||| IDENTIFYING red potion
  3142 | D:4      | 3142 ||| DROPPING potion of lignification.
  3175 | D:5      | Entered Level 5 of the Dungeon
  3176 | D:5      | 3176 ||| PLANNING OSSUARY
  3187 | D:5      | Reached skill level 3 in Fighting
  3255 | D:5      | Reached XP level 6. HP: 25/37 MP: 7/7
  3262 | D:5      | 3262 ||| FLEEEEING.
  3263 | D:5      | 3263 ||| FLEEEEING.
  3264 | D:5      | 3264 ||| FLEEEEING.
  3265 | D:5      | 3265 ||| STAIRDANCE
  3355 | D:5      | 3355 ||| STAIRDANCE
  3357 | D:4      | 3357 ||| DRINKING 2 potions of curing.
  3357 | D:4      | 3357 ||| (to cure confusion)
  3519 | D:5      | HP: 3/37 [ogre/+0 giant spiked club (23)]
  3520 | D:5      | 3520 ||| READING 3 scrolls of teleportation.
  3521 | D:5      | Mangled by an ogre

Levels and vault maps discovered:
D:1:      grunt_arrival_crossed_arrows, layout_loops_corners,
          corexii_hall_statues_x, chequers_serial_rivers_micro_d,
          serial_park_tiny_2
D:2:      minmay_kobold_bridge, layout_basic,
          hellmonk_ecumenical_altar_inner_sanctum, uniq_jessica
D:3:      layout_basic, mainiacjoe_overflow_divided_tiny, old_standard_altar,
          serial_shops, shop, chequers_serial_rivers_room_a,
          hangedman_decor_peaks_small, uniq_robin
D:4:      layout_gridville, st_stairs_8, eino_small_chamber_without_monster,
          minmay_distorted
D:5:      layout_cave_pools, serial_column_ruins, column_ruins_hut,
          column_ruins_open_tiny, column_ruins_open_tiny,
          column_ruins_open_tiny, column_ruins_open_tiny, column_ruins_grid_3,
          nicolae_ossuary_entry_ruins, roderic_serpentine_path,
          guppyfry_early_lair_pool

Skill      XL: |  1  2  3  4  5 |
---------------+----------------+-----
Ranged Weapons | 3 4 5 |  5.4
Fighting       | 2 3 |  3.3
Armour         | 1 |  1.0
Dodging        | |  1.5
Spellcasting   | |  1.0
Hexes          | |  2.6

Action                     |  1- 3 |  4- 6 || total
---------------------------+-------+-------++-------
   Fire: Sling             |   116 |   274 ||   390
    Use: Scroll            |     3 |    10 ||    13
         Potion            |     1 |     1 ||     2
 Armour: Robe              |    12 |       ||    12
         Leather armour    |     9 |     1 ||    10
         Ring mail         |       |   103 ||   103
  Dodge: Dodged            |    26 |   250 ||   276

Table legend:
 A = Non-vault XP
 B = Vault XP
 C = Vault XP percentage of total XP
 D = Non-vault monster count
 E = Vault monster count
 F = Vault count percentage of total count
                 A         B        C        D         E       F
            +---------+---------+-------+---------+---------+-------
      Total |     288 |     103 |  26.3 |      74 |      18 |  19.6
            +---------+---------+-------+---------+---------+-------
        D:1 |      33 |       0 |   0.0 |      19 |       0 |   0.0
        D:2 |      36 |      43 |  54.4 |      13 |       5 |  27.8
        D:3 |      75 |      30 |  28.6 |      16 |      10 |  38.5
        D:4 |      73 |      17 |  18.9 |      15 |       2 |  11.8
        D:5 |      71 |      13 |  15.5 |      11 |       1 |   8.3
            +---------+---------+-------+---------+---------+-------
